 Dungeon Crawl Stone Soup version 0.27-a0-1438-g9b7c6745da (webtiles) character file.

Game seed: 13770147456891477260

44 AarnesTheHuman the Digger (level 3, 0/26 HPs)
             Began as a Formicid Earth Elementalist on July 4, 2021.
             Slain by an orc (2 damage)
             ... on level 1 of the Dungeon.
             The game lasted 00:03:55 (1466 turns).

AarnesTheHuman the Digger (FoEE)                    Turns: 1466, Time: 00:03:56

Health: 0/26       AC:  6    Str: 13    XL:     3   Next: 85%
Magic:  6/6        EV: 12    Int: 14    God:
Gold:   77         SH:  0    Dex: 11    Spells: 6/7 levels left

rFire    . . .     SeeInvis +   d - +0 dagger
rCold    . . .     Faith    .   (no shield)
rNeg     . . .     Spirit   .   b - +0 robe
rPois    .         Reflect  .   (helmet unavailable)
rElec    .         Harm     .   h - +0 cloak
rCorr    .         Rampage  .   a - +2 pair of gloves
Will     .....                  (no boots)
Stlth    ++........             (no amulet)
HPRegen  0.08/turn              (no ring)
MPRegen  0.10/turn              (no ring)

@: no status effects
A: permanent stasis, dig shafts and tunnels, antennae 3, four strong arms
a: Dig, Shaft Self


You were on level 1 of the Dungeon.
You visited 1 branch of the dungeon, and saw 2 of its levels.

You collected 77 gold pieces.

Inventory:

Hand Weapons
 d - a +0 dagger (weapon)
Armour
 a - a +2 pair of gloves (worn)
 b - a +0 robe (worn)
 h - a +0 cloak (worn)
Scrolls
 e - a scroll of enchant weapon {unknown}
 j - a scroll of identify {unknown}
Potions
 f - a potion of degeneration {unknown}
 g - a potion of lignification {unknown}
 i - a potion of haste {unknown}
 k - a potion of attraction {unknown}


   Skills:
 + Level 1.2 Fighting
 - Level 1.7 Dodging
 - Level 2.4 Stealth
 + Level 2.6 Spellcasting
 + Level 1.9 Transmutations
 * Level 4.4 Earth Magic


You had 6 spell levels left.
You knew the following spells:

 Your Spells              Type           Power      Damage    Failure   Level
a - Sandblast             Erth           28%        2d8       3%          1

Your spell library contained the following spells:

 Spells                   Type           Power      Damage    Failure   Level
 Passwall                 Tmut/Erth      8%         N/A       9%          2
 Stone Arrow              Conj/Erth      16%        3d8       26%         3
 Static Discharge         Conj/Air       1%         N/A       34%         2
 Petrify                  Tmut/Erth      10%        N/A       52%         4
 Dispel Undead            Necr           1%         3d6       92%         4
 Sticky Flame             Conj/Fire      1%         2d3       92%         4


Dungeon Overview and Level Annotations

Branches:
Dungeon (2/15)

Altars:


Innate Abilities, Weirdness & Mutations

You cannot be hasted, slowed, berserked, paralysed or teleported.
You can dig through walls and to a lower floor.
You have a pair of large antennae on your head. (SInv)
Your four strong arms can wield two-handed weapons with a shield.


Message History

The adder barely misses you. The orc closely misses you.
You hit the orc.
The orc is heavily wounded.
The adder closely misses you. The orc hits you but does no damage.
The adder bites you but does no damage.
You completely miss the orc.
The orc is heavily wounded.
The orc hits you with a +0 whip. The adder bites you but does no damage.
You hit the orc but do no damage.
The orc is heavily wounded.
The adder bites you.
* * * LOW HITPOINT WARNING * * *
The orc hits you with a +0 whip.
* * * LOW HITPOINT WARNING * * *
You hit the orc but do no damage.
The orc is heavily wounded.
The adder barely misses you. The orc hits you with a +0 whip.
* * * LOW HITPOINT WARNING * * *
The adder bites you but does no damage.
You hit the orc but do no damage.
The orc is heavily wounded.
The orc hits you but does no damage. The adder bites you but does no damage.
You hit the orc but do no damage.
The orc is heavily wounded.
The adder barely misses you. The orc hits you with a +0 whip.
* * * LOW HITPOINT WARNING * * *
You hit the orc but do no damage.
The orc is heavily wounded.
The adder closely misses you. The orc hits you but does no damage.
The adder barely misses you.
You hit the orc but do no damage.
The orc is heavily wounded.
The orc hits you but does no damage. The adder misses you.
You hit the orc but do no damage.
The orc is heavily wounded.
The orc closely misses you. The adder barely misses you.
You hit the orc but do no damage.
The orc is heavily wounded.
The adder closely misses you. The orc hits you with a +0 whip.
You die...

#.# #...#####.#...
#.# #.........#...
#.###
#...#######...
#...#
#...####......
###.#
#............. #.#
#............. #.#
#..###.####### #o#
#.## ###...... #@#
#.# #....)§≈ #S#
#.# #....≈≈≈ #.#
#.#####<...≈≈§
#.###.#...#....≈≈≈
#.........#.....≈≈
#####.#.####....§.
#.#.##.#######
#.#.##.# #
#......# #


You could see an adder and an orc.

Vanquished Creatures
  An adder (D:2)
  3 orcs (D:2)
  5 bats
  4 endoplasms (D:1)
  2 giant cockroaches (D:1)
  3 goblins (D:1)
  4 hobgoblins (D:1)
  A jackal (D:1)
  A ball python (D:1)
  2 frilled lizards (D:1)
  A rat (D:2)
27 creatures vanquished.

Notes
Turn   | Place    | Note
-------+----------+-------------------------------------------
     0 | D:1      | AarnesTheHuman the Formicid Earth Elementalist began the
                  | quest for the Orb.
     0 | D:1      | Reached XP level 1. HP: 13/13 MP: 3/3
   356 | D:1      | Reached XP level 2. HP: 11/20 MP: 0/5
   523 | D:1      | Reached skill level 4 in Earth Magic
   908 | D:1      | Reached XP level 3. HP: 25/25 MP: 6/6
   973 | D:1      | Found a faded altar of an unknown god.
  1063 | D:1      | Reached skill level 1 in Fighting
  1466 | D:1      | Slain by an orc

Illustrated notes

Levels and vault maps discovered:
D:1:      lemuel_arrival_lava_pool, layout_loops_ring,
          shapermc_ecumenical_altar_totnotflames, minmay_split_cup_small
D:2:      layout_basic, basic_altar, kennysheep_boxes, uniq_jessica,
          uniq_terence

Skill      XL: |  1  2  3 |
---------------+----------+-----
Earth Magic    | 4 |  4.4
Fighting       | 1 |  1.2
Dodging        | |  1.7
Stealth        | |  2.4
Spellcasting   | |  2.6
Transmutations | |  1.9

Action                   || total
-------------------------++-------
Melee: Unarmed           ||     3
       Dagger            ||    95
 Cast: Sandblast         ||    30
 Stab: Sleeping          ||     4
Armor: Robe              ||    46
Dodge: Dodged            ||    76

Table legend: (Time is in decaauts)
 A = Elapsed time spent in this place.
 B = Non-inter-level travel time spent in this place.
 C = Inter-level travel time spent in this place.
 D = Time resting spent in this place.
 E = Time spent auto-exploring this place.
 F = Levels seen in this place.
 G = Mean time per level.
                   A        B        C        D        E       F      G
               +--------+--------+--------+--------+--------+-----+--------+
         Total |   1465 |   1465 |      0 |    395 |    685 |   2 |  732.5 |
       Dungeon |   1465 |   1465 |      0 |    395 |    685 |   2 |  732.5 |
               +--------+--------+--------+--------+--------+-----+--------+

Top non-repeatable levels by time:
     D:1: 1289 daAuts
     D:2: 176 daAuts
